 Dungeon Crawl Stone Soup version 0.28-a0-1594-ga885d4b3d6 (webtiles) character file.

Game seed: 9537169710958274519

123 fragbeetle the Slasher (level 4, -11/37 HPs)
             Began as a Palentonga Abyssal Knight on Jan 20, 2022.
             Was a Believer of Lugonu.
             Mangled by an ogre (19 damage)
             ... on level 4 of the Dungeon.
             The game lasted 00:05:16 (3121 turns).

fragbeetle the Slasher (Palentonga Abyssal Knight)  Turns: 3121, Time: 00:05:17

Health: -11/37     AC:  9    Str: 18    XL:     4   Next: 80%
Magic:  6/6        EV:  8    Int: 11    God:    Lugonu [**....]
Gold:   126        SH:  0    Dex: 10    Spells: 3/3 levels left

rFire   . . .      SeeInvis +   a - +1 falchion
rCold   . . .      Faith    .   (no shield)
rNeg    . . .      Spirit   .   v - +0 ring mail {rPois}
rPois   +          Reflect  .   h - +2 helmet
rElec   .          Harm     .   s - +0 cloak
rCorr   .          Rampage  .   (no gloves)
Will    .....                   (no barding)
Stlth   ..........              (no amulet)
HPRegen 0.12/turn               (no ring)
MPRegen 0.10/turn               (no ring)

@: no status effects
A: large, rugged brown scales 3, see invisible, deformed body, roll 1, armoured
tail
a: Rolling Charge, Renounce Religion, Depart the Abyss, Bend Space


You were on level 4 of the Dungeon.
You worshipped Lugonu.
Lugonu was pleased with you.
You visited 1 branch of the dungeon, and saw 4 of its levels.
You visited the Abyss 1 time.

You collected 126 gold pieces.

Inventory:

Hand Weapons
 a - a +1 falchion (weapon)
 b - a +0 hunting sling
 g - a +3 spear
Missiles
 f - 110 stones
 j - 13 poisoned darts
Armour
 h - a +2 helmet (worn)
 s - a +0 cloak (worn)
 v - a +0 ring mail of poison resistance (worn)
Magical Staves
 p - a staff of poison
 q - a staff of conjuration
 r - a staff of fire
Scrolls
 c - a scroll of brand weapon {unknown}
 d - a scroll of teleportation {unknown}
 e - 3 scrolls of blinking {unknown}
 k - a scroll of immolation {unknown}
 l - 2 scrolls of enchant armour {unknown}
 n - 3 scrolls of identify {unknown}
 o - a scroll of fog {unknown}
 t - a scroll of noise {unknown}
 w - a scroll of amnesia {unknown}
Potions
 i - a potion of curing {unknown}
 m - 2 potions of resistance {unknown}
 u - a potion of might {unknown}
 x - a potion of degeneration {unknown}


   Skills:
 - Level 3.0 Fighting
 * Level 4.3 Long Blades
 - Level 1.5 Armour
 - Level 0.7 Dodging
 + Level 3.4 Invocations


You had 3 spell levels left.
You didn't know any spells.
Your spell library was empty.

Dungeon Overview and Level Annotations

Branches:
Dungeon (4/15)
 Temple: D:4-7

Altars:
Zin


Innate Abilities, Weirdness & Mutations

You are completely covered in rugged brown scales. (AC +3, +7% HP)
You have supernaturally acute eyesight. (SInv)
Armour fits poorly on your strangely shaped body.
You can roll at nearby foes to attack.
You have a long armoured tail.


Message History

a +0 trident; a +0 leather armour; an orc corpse
Things that are here:
a +0 dagger; a +0 robe You see here a +0 hand axe.
You start resting.
HP restored.
Things that are here:
a +0 dagger; a +0 robe
Found a stone staircase leading down.
Found a stone staircase leading up.
Found a stone staircase leading up.
You now have 126 gold pieces (gained 14).
There is a stone staircase leading up here.
An ogre comes into view. It is wielding a +0 giant club.
The ogre shouts!
Okay, then.
Unknown command.
Okay, then.
A hound skeleton comes into view.
You hit the hound skeleton. You tail-slap the hound skeleton!
The hound skeleton is heavily damaged.
The hound skeleton bites you but does no damage.
The ogre hits you with a +0 giant club!
The hound skeleton bites you but does no damage.
You slash the hound skeleton!
The hound skeleton is severely damaged.
The hound skeleton bites you but does no damage.
The ogre hits you with a +0 giant club!
* * * LOW HITPOINT WARNING * * *
You hit the hound skeleton.
Your tail-slap misses the hound skeleton.
The hound skeleton is almost destroyed.
The hound skeleton closely misses you.
The hound skeleton bites you but does no damage.
You slash the hound skeleton!
You destroy the hound skeleton!
Lugonu accepts your kill.
The ogre hits you with a +0 giant club!!
Ouch! That really hurt!
You die...

#.# #. ..# #O # #.#.
#.##.##.###
..........#
#######<#.# #.#.#
##.#.# #.@#.#
.###### ###.O#.###
....... #........#
#######
..........#.# ##
#.##.#....#.#
######. .
........#.###
#......
.##...<.##...#
#.##.#. #
##>.#.####.# #.##.##
#..#.####.####.##.##


You could see an ogre.

Vanquished Creatures
  An orc wizard (D:4)
  A hound skeleton (D:4)
  An adder (D:3)
  3 worms
  2 dart slugs
  11 orcs
  3 bats
  7 endoplasms
  2 giant cockroaches
  5 goblins
  3 hobgoblins
  3 jackals (D:2)
  4 quokkas
  10 ball pythons
  2 frilled lizards
  2 kobolds
  4 rats
64 creatures vanquished.

Notes
Turn   | Place    | Note
-------+----------+-------------------------------------------
     0 | Abyss:1  | fragbeetle the Palentonga Abyssal Knight began the quest
                  | for the Orb.
     0 | Abyss:1  | Reached XP level 1. HP: 19/19 MP: 2/2
    16 | D:1      | Escaped the Abyss
   412 | D:1      | Reached XP level 2. HP: 25/25 MP: 3/3
   665 | D:1      | Reached skill level 3 in Long Blades
  1003 | D:2      | Reached ** piety under Lugonu
  1126 | D:2      | Reached XP level 3. HP: 31/31 MP: 4/4
  1134 | D:2      | Found a faded altar of an unknown god.
  2067 | D:3      | Reached XP level 4. HP: 30/37 MP: 6/6
  2368 | D:3      | Found a glowing silver altar of Zin.
  2732 | D:3      | Reached skill level 4 in Long Blades
  3108 | D:4      | Noticed an ogre
  3121 | D:4      | Mangled by an ogre

Illustrated notes

Levels and vault maps discovered:
D:1:      dpeg_arrival_shrine, layout_basic, serial_curves, eino_curves_01,
          eino_curves_01, minmay_octomino_c4
D:2:      layout_basic, hellmonk_ecumenical_altar_slurped_away
D:3:      layout_loops_cross, mainiacjoe_overflow_brackets
D:4:      layout_loops_ring, small_statue_intersection, hangedman_decor_lopped

Skill      XL: |  1  2  3  4 |
---------------+-------------+-----
Long Blades    | 3 4 |  4.3
Invocations    | 3 |  3.4
Fighting       | |  3.0
Armour         | |  1.5
Dodging        | |  0.7

Action                   |  1- 3 |  4- 6 || total
-------------------------+-------+-------++-------
Melee: Falchion          |   120 |    68 ||   188
       Tailslap          |    13 |     3 ||    16
       Punch             |     2 |     1 ||     3
 Fire: Hunting sling     |     3 |       ||     3
 Abil: Rolling Charge    |     1 |       ||     1
 Stab: Distracted        |     1 |       ||     1
Armor: Leather armour    |     4 |       ||     4
       Ring mail         |    46 |    29 ||    75
Dodge: Dodged            |    51 |    21 ||    72

Table legend: (Time is in decaauts)
 A = Elapsed time spent in this place.
 B = Non-inter-level travel time spent in this place.
 C = Inter-level travel time spent in this place.
 D = Time resting spent in this place.
 E = Time spent auto-exploring this place.
 F = Levels seen in this place.
 G = Mean time per level.
                   A        B        C        D        E       F      G
               +--------+--------+--------+--------+--------+-----+--------+
         Total |   3144 |   3009 |    135 |    346 |   2032 |   5 |  628.8 |
       Dungeon |   3128 |   2993 |    135 |    346 |   2032 |   4 |  782.0 |
         Abyss |     16 |     16 |      0 |      0 |      0 |   1 |   16.0 |
               +--------+--------+--------+--------+--------+-----+--------+

Top non-repeatable levels by time:
     D:3: 1036 daAuts
     D:2: 1006 daAuts
     D:1: 916 daAuts
     D:4: 169 daAuts
 Abyss:1: 16 daAuts
